 Dungeon Crawl Stone Soup version 0.23-a0-183-gf37f6fb (webtiles) character file.

74 CozyGlow the Grave Robber (level 4, 0/21 HPs)
             Began as a Vine Stalker Necromancer on Sept 23, 2018.
             Was an Initiate of Makhleb.
             Slain by an orc
             ... wielding a +0 flail
              (1 damage)
             ... on level 3 of the Dungeon.
             The game lasted 00:05:11 (2082 turns).

CozyGlow the Grave Robber (VSNe)                    Turns: 2082, Time: 00:05:12

Health: 0/21       AC:  2    Str: 11    XL:     4   Next: 28%
Magic:  0/10       EV: 12    Int: 16    God:    Makhleb [......]
Gold:   30         SH:  0    Dex: 14    Spells: 8/10 levels left

rFire    . . .     SeeInvis .   (no weapon)
rCold    . . .     Gourm    .   (no shield)
rNeg     . . .     Faith    .   a - +0 robe
rPois    .         Spirit   +   (no helmet)
rElec    .         Reflect  .   (no cloak)
rCorr    .         Harm     .   (no gloves)
MR       .....                  (no boots)
Stlth    ++........             (no amulet)
HPRegen  0.47/turn              (no ring)
MPRegen  0.12/turn              (no ring)

@: very slightly contaminated
A: fangs 2, regeneration 1, magic shield, antimagic bite, no potion heal 3, rot
immunity
a: Renounce Religion


You were on level 3 of the Dungeon.
You worshipped Makhleb.
Makhleb was noncommittal.
You were not hungry.

You visited 1 branch of the dungeon, and saw 3 of its levels.

You collected 30 gold pieces.

Inventory:

Armour
 a - a +0 robe (worn)
Scrolls
 b - 2 scrolls of teleportation {unknown}
 e - 3 scrolls of enchant armour {unknown}
 h - 2 scrolls of amnesia {unknown}
 k - a scroll of magic mapping {unknown}
Potions
 d - a potion of flight {unknown}
 f - a potion of haste {unknown}
 i - a potion of brilliance {unknown}
 j - a potion of curing
Comestibles
 c - 3 rations


   Skills:
 + Level 2.2 Dodging
 - Level 2.4 Stealth
 * Level 3.5 Spellcasting
 + Level 4.4 Necromancy


You had 8 spell levels left.
You knew the following spells:

 Your Spells              Type           Power        Failure   Level  Hunger
a - Pain                  Necr           ###.         2%          1    None
b - Animate Skeleton      Necr           N/A          2%          1    None

Your spell library contained the following spells:

 Spells                   Type           Power        Failure   Level  Hunger
 Vampiric Draining        Necr           ###.......   9%          3    ###....
 Regeneration             Chrm/Necr      #.........   22%         3    ###....
 Animate Dead             Necr           N/A          28%         4    ####...


Dungeon Overview and Level Annotations

Branches:
Dungeon (3/15)

Altars:
Makhleb
Trog


Innate Abilities, Weirdness & Mutations

You have extremely sharp teeth.
Your natural rate of healing is unusually fast.
When hurt, damage is shared between your health and your magic reserves.
Your bite disrupts and absorbs the magic of your enemies.
Potions cannot restore your health.
You are immune to rotting.


Message History

Aiming: Pain (safe; 3% risk of failure)
Press: ? - help, Shift-Dir - straight line, f/p - orc priest
Aim: an orc priest, wielding a falchion (almost dead, chance to defeat MR: 75%)
The orc priest writhes in agony!
You kill the orc priest!
Makhleb accepts your kill.
You have reached level 4!
You feel stronger.
You begin to heal more quickly.
The hobgoblin barely misses you.
Okay, then.
Casting: Pain (safe; 2% risk of failure)
Confirm with . or Enter, or press ? or * to list all spells.
Aiming: Pain (safe; 2% risk of failure)
Press: ? - help, Shift-Dir - straight line, f - hobgoblin
Aim: a hobgoblin, wielding a club (chance to defeat MR: 87%)
The hobgoblin writhes in agony!
The hobgoblin hits you with a club.
* * * LOW HITPOINT WARNING * * *
The orc hits you with a flail.
You die...

###.# #.# #.#. #.# #.# #.##
#.# ##'## #.## #.# ##...##
#.## ##.# ##.....## ####...
##..# ##.......###......
###...####...(.....##.#...#
##........+.........'.......
##......####@g.......##.#....
##.......# ##o......###.##...
#........# ##)....## #.###..
##.....### ##o..## #.# ..
##...## ##'## #.. .. ##.##
#.# ### #.# #.# #.# #.# #.#
o..


You could see an orc priest, an orc and a hobgoblin.

Vanquished Creatures
  An orc priest (D:3)
  An ooze (D:1)
  A dart slug (D:1)
  3 leopard geckos
  4 giant cockroaches
  2 goblins (D:1)
  4 hobgoblins
  2 jackals (D:1)
  3 kobolds
  A quokka (D:2)
  2 ball pythons (D:2)
  4 bats
  2 frilled lizards
  6 rats
36 creatures vanquished.

Notes
Turn   | Place    | Note
-------+----------+-------------------------------------------
     0 | D:1      | CozyGlow the Vine Stalker Necromancer began the quest for
                  | the Orb.
     0 | D:1      | Reached XP level 1. HP: 9/9 MP: 4/4
     4 | D:1      | Learned a level 1 spell: Animate Skeleton
   343 | D:1      | Reached XP level 2. HP: 9/13 MP: 0/6
  1157 | D:1      | Reached XP level 3. HP: 9/16 MP: 2/8
  1447 | D:2      | Found a burning altar of Makhleb.
  1456 | D:2      | Became a worshipper of Makhleb the Destroyer
  1829 | D:2      | Noticed an ogre
  2012 | D:3      | Found a bloodstained altar of Trog.
  2080 | D:3      | Gained mutation: Your natural rate of healing is unusually
                  | fast. [Vine Stalker growth]
  2080 | D:3      | Reached XP level 4. HP: 3/21 MP: 5/10
  2081 | D:3      | HP: 1/21 [hobgoblin/club (1)]
  2082 | D:3      | Slain by an orc

Vault maps used:
D:1:      elethiomel_arrival_maze
D:2:      lemuel_coloured_pillars_altar, lemuel_crystal_altar, first_ration,
          kennysheep_generic_room_9
D:3:      overflow_temple_1_default, nicolae_overflow_hidden_temple,
          lemuel_crystal_altar

Skill      XL: |  1  2  3 |
---------------+----------+-----
Dodging        | 2 |  2.2
Spellcasting   | 3 |  3.5
Stealth        | |  2.4
Necromancy     | |  4.4

Action                   |  1- 3 |  4- 6 || total
-------------------------+-------+-------++-------
Melee: Unarmed           |     2 |       ||     2
       Bite              |     2 |       ||     2
 Cast: Pain              |    64 |     2 ||    66
  Use: Potion            |     1 |       ||     1
  Eat: Chunk             |     4 |       ||     4
Armor: Robe              |     5 |       ||     5
Dodge: Dodged            |    10 |     1 ||    11

Table legend:
 A = Non-vault XP
 B = Vault XP
 C = Vault XP percentage of total XP
 D = Non-vault monster count
 E = Vault monster count
 F = Vault count percentage of total count
                 A         B        C        D         E       F
            +---------+---------+-------+---------+---------+-------
      Total |     106 |       0 |   0.0 |      36 |       0 |   0.0
            +---------+---------+-------+---------+---------+-------
        D:1 |      36 |       0 |   0.0 |      17 |       0 |   0.0
        D:2 |      26 |       0 |   0.0 |      17 |       0 |   0.0
        D:3 |      44 |       0 |   0.0 |       2 |       0 |   0.0
            +---------+---------+-------+---------+---------+-------
